 Dungeon Crawl Stone Soup version 0.17-a0-1951-g62301d3 (webtiles) character file.

153 vatarom the Chiller (level 5, 0/31 HPs)
             Began as a Deep Elf Ice Elementalist on Oct 2, 2015.
             Killed by nerve-wracking pain
             ... invoked by a shadow imp
              (4 damage)
             ... on level 5 of the Dungeon.
             The game lasted 00:07:03 (2738 turns).

vatarom the Chiller (Deep Elf Ice Elementalist)     Turns: 2738, Time: 00:07:03

Health: 0/31       AC:  4    Str:  6    XL:     5   Next: 12%
Magic:  4/12       EV: 13    Int: 20    God:
Gold:   105        SH:  0    Dex: 15    Spells: 4 memorised, 1 level left

rFire  . . .     SeeInvis .     s - +0 dagger (vamp)
rCold  . . .     Clarity  .     a - +1 robe
rNeg   . . .     SustAt   .     (no shield)
rPois  +         Gourm    .     (no helmet)
rElec  .         Spirit   .     o - +0 cloak
rCorr  .         Warding  .     (no gloves)
rMut   .         Stasis   .     (no boots)
MR     .....                    (no amulet)
Stlth  ++........               (no ring)
                                q - ring of poison resistance

@: very slightly contaminated, not resistant to hostile enchantments, unstealthy
A: no striking features
a: no special abilities


You were on level 5 of the Dungeon.
You were not hungry.

You visited 1 branch of the dungeon, and saw 4 of its levels.

You collected 105 gold pieces.

Inventory:

Hand weapons
 s - a +0 vampiric dagger (weapon)
Missiles
 j - 3 javelins (quivered)
Armour
 a - a +1 robe (worn)
 n - a +0 buckler
 o - a +0 cloak (worn)
Jewellery
 q - a ring of poison resistance (left hand)
Scrolls
 d - 4 scrolls of identify
 i - 2 scrolls of enchant armour
 r - a scroll of blinking {unknown}
Potions
 e - a potion of magic
 g - a potion of might
Books
 b - a book of Frost

   Spells                             Type                      Level
   a - Freeze                         Ice                          1
   b - Throw Frost                    Conjuration/Ice              2
   c - Ozocubu's Armour               Charms/Ice                   3
   d - Throw Icicle                   Conjuration/Ice              4
   e - Summon Ice Beast               Ice/Summoning                4
   f - Condensation Shield            Ice                          4
Comestibles
 c - 12 fruits
 h - a beef jerky
 m - a bread ration


   Skills:
 + Level 2.7 Fighting
 - Level 2.4 Dodging
 - Level 2.4 Stealth
 + Level 3.5 Spellcasting
 - Level 1.1 Conjurations
 - Level 1.3 Charms
 - Level 4.5 Ice Magic


You had one spell level left.
You knew the following spells:

 Your Spells              Type           Power        Failure   Level  Hunger
a - Freeze                Ice            ###.         2%          1    None
b - Throw Frost           Conj/Ice       ##....       10%         2    ##.....
c - Ozocubu's Armour      Chrm/Ice       ###.....     14%         3    ###....
d - Throw Icicle          Conj/Ice       ##......     45%         4    ####...


Dungeon Overview and Level Annotations

Branches:
Dungeon (5/15)
 Temple: D:4-7

Altars:
Ashenzari
Okawaru


Message History

You closely miss the shadow imp. The shadow imp barely misses you.
You hit the shadow imp but do no damage.
The shadow imp misses you.
You closely miss the shadow imp. The shadow imp hits you.
You hit the shadow imp.
The shadow imp is lightly wounded.
The shadow imp laughs crazily.
The shadow imp gestures at you. Pain shoots through your body!
* * * LOW HITPOINT WARNING * * *
You are too injured to fight recklessly!
You are too injured to fight recklessly!
Read which item? (? for menu, Esc to quit)
Okay, then.
Drink which item? (? for menu, Esc to quit)
It was a potion of poison.
You feel slightly nauseous. The shadow imp closely misses you.
The shadow imp gestures at you. Pain shoots through your body!
You die...

#.# #### ### #.# #..### ..#
#.###....### #.#
###.##.......#
#.#########...##.....###
#.......##.........### #
#.###............###....
.)#####.###..###.............#
...........5.@...............#
.##..###.##..###............##
# #.##..# #............#
#.##....#...(..).....#
..##.##.############## ####.#
.# #.# # #$#


You could see a shadow imp.

Vanquished Creatures
  Jessica (D:2)
  An orc wizard (D:3)
  4 adders
  A worm (D:3)
  4 orcs (D:3)
  10 giant cockroaches
  2 hobgoblins
  3 jackals (D:1)
  A quokka (D:3)
  A ball python (D:2)
  4 bats
  5 giant geckos
  A giant gecko skeleton (D:5)
  2 giant newts
  4 goblins
  11 kobolds
  A quokka skeleton (D:5)
  4 rats
60 creatures vanquished.

Notes
Turn   | Place    | Note
--------------------------------------------------------------
     0 | D:1      | vatarom the Deep Elf Ice Elementalist began the quest for the Orb.
     0 | D:1      | Reached XP level 1. HP: 10/10 MP: 6/6
   530 | D:1      | Reached XP level 2. HP: 14/16 MP: 5/8
   640 | D:1      | Learned a level 2 spell: Throw Frost
   747 | D:1      | Reached skill level 1 in Fighting
  1070 | D:2      | Reached skill level 4 in Ice Magic
  1212 | D:2      | Reached XP level 3. HP: 20/20 MP: 4/9
  1217 | D:2      | Learned a level 3 spell: Ozocubu's Armour
  1261 | D:2      | Noticed Jessica
  1267 | D:2      | Killed Jessica
  1271 | D:2      | Reached XP level 4. HP: 19/26 MP: 0/10
  1873 | D:3      | Reached skill level 1 in Charms
  2155 | D:3      | Found an iron altar of Okawaru.
  2156 | D:3      | Found a shattered altar of Ashenzari.
  2249 | D:3      | Reached XP level 5. HP: 27/31 MP: 3/12
  2321 | D:3      | Learned a level 4 spell: Throw Icicle
  2527 | D:3      | You fall through a shaft for 2 floors!
  2527 | D:5      | Entered Level 5 of the Dungeon
  2527 | D:5      | Noticed a sky beast
  2532 | D:5      | Found a shattered altar of Ashenzari.
  2738 | D:5      | Killed from afar by a shadow imp

Vault maps used:
D:1:      minmay_arrival_up_and_down
D:2:      first_bread, dk_vineyard_1, uniq_jessica
D:3:      gammafunk_temple_overflow_statue
D:5:      nicolae_ashenzari_panopticon

Action                   |  1- 3 |  4- 6 || total
-------------------------+-------+-------++-------
Melee: Whip              |     9 |    24 ||    33
       Dagger            |       |    23 ||    23
Throw: Javelin           |       |     2 ||     2
 Cast: Freeze            |    44 |    36 ||    80
       Throw Frost       |     2 |     7 ||     9
       Ozocubu's Armour  |       |     1 ||     1
       Throw Icicle      |       |     1 ||     1
  Use: Scroll            |     6 |     2 ||     8
       Potion            |       |     4 ||     4
 Stab: Sleeping          |     1 |     2 ||     3
  Eat: Bread ration      |     1 |       ||     1
       Fruit             |       |     6 ||     6
       Meat ration       |       |     1 ||     1
